 Dungeon Crawl Stone Soup version 0.31-a0-1074-g0b22e4e0f1 (webtiles) character file.

Game seed: 5965300673982006073

117 horus123 the Magician (level 4, 0/24 HPs)
             Began as a Deep Elf Earth Elementalist on Nov 30, 2023.
             Was an Initiate of Fedhas.
             Slain by Grinder (3 damage)
             ... while paralysed by Grinder
             ... on level 4 of the Dungeon.
             The game lasted 00:04:20 (2575 turns).

horus123 the Magician (Deep Elf Earth Elementalist) Turns: 2575, Time: 00:04:20

Health: 0/24       AC:  6    Str:  5    XL:     4   Next: 71%
Magic:  8/13       EV:  2    Int: 22    God:    Fedhas [......]
Gold:   141        SH:  0    Dex: 15    Spells: 12/13 levels left

rFire   . . .        i - +0 falchion
rCold   . . .        (no shield)
rNeg    . . .        a - +0 robe
rPois   .            e - +0 helmet
rElec   .            (no cloak)
rCorr   .            (no gloves)
SInv    .            c - +2 pair of boots
Will    .....        (no amulet)
Stlth   ++           o - ring of flight
HPRegen 0.24/turn    (no ring)
MPRegen 0.13/turn

%: no passive effects
@: paralysed, flying
A: no striking features
a: Renounce Religion


You were on level 4 of the Dungeon.
You worshipped Fedhas.
Fedhas was noncommittal.
You visited 1 branch of the dungeon, and saw 4 of its levels.

You collected 141 gold pieces.

Inventory:

Hand Weapons
 i - a +0 falchion (weapon)
Missiles
 p - a throwing net
Armour
 a - a +0 robe (worn)
 c - a +2 pair of boots (worn)
 e - a +0 helmet (worn)
 q - an orb of wrath
Magical Staves
 j - a staff of cold
Jewellery
 o - a ring of flight (left hand)
Scrolls
 d - a scroll of blinking {unknown}
 g - 2 scrolls of identify {unknown}
 h - 3 scrolls of immolation {unknown}
 l - a scroll of amnesia {unknown}
 m - 2 scrolls of teleportation {unknown}
Potions
 b - a potion of magic
 f - a potion of cancellation {unknown}
 k - a potion of curing {unknown}
 n - a potion of enlightenment {unknown}


   Skills:
 - Level 2.4 Dodging
 - Level 2.4 Stealth
 - Level 5.0 Spellcasting
 - Level 1.1 Transmutations
 + Level 5.0 Earth Magic


You had 12 spell levels left.
You knew the following spells:

 Your Spells              Type           Power      Damage    Failure   Level
a - Sandblast             Erth           54%        2d13      1%          1

Your spell library contained the following spells:

 Spells                   Type           Power      Damage    Failure   Level
 Passwall                 Tmut/Erth      15%        N/A       4%          2
 Stone Arrow              Conj/Erth      32%        3d9       11%         3
 Petrify                  Tmut/Erth      19%        N/A       28%         4
 Inner Flame              Hex/Fire       5%         N/A       30%         3
 Brom's Barrelling Bould  Conj/Erth      16%        2d4       34%         4
 Flame Wave               Conj/Fire      5%         2d5       69%         4
 Sticky Flame             Conj/Fire      5%         2d3       69%         4


Dungeon Overview and Level Annotations

Branches:
Dungeon (4/15)
 Temple: D:4-7

Altars:
Ashenzari
Fedhas
Gozag
Makhleb
Ru
Trog
Wu Jian

Shops:
D:4 =

Annotations:
D:4 Grinder


Message History

Grinder shouts!
The blast of sand misses Grinder.
Grinder gestures at you.
You suddenly lose the ability to move!
Grinder hits you but does no damage.
You can move again.
Aiming: Sandblast (safe; 1% risk of failure)
Press: ? - help, Q - select action, (/) - cycle Shift-Dir - straight line, f/p - Grinder
Aim: Grinder (moderately wounded, 81% to hit)
The blast of sand misses Grinder.
Grinder closely misses you.
Unknown command.
Aiming: Sandblast (safe; 1% risk of failure)
Press: ? - help, Q - select action, (/) - cycle Shift-Dir - straight line, f/p - Grinder
Aim: Grinder (moderately wounded, 81% to hit)
The blast of sand hits Grinder!
Grinder is heavily wounded.
Grinder hits you. Grinder gestures at you. Pain shoots through your body!
Ouch! That really hurt!
* * * LOW HITPOINT WARNING * * *
Aiming: Sandblast (safe; 1% risk of failure)
Press: ? - help, Q - select action, (/) - cycle Shift-Dir - straight line, f/p - Grinder
Aim: Grinder (heavily wounded, 81% to hit)
The blast of sand misses Grinder.
Grinder hits you.
* * * LOW HITPOINT WARNING * * *
Aiming: Sandblast (safe; 1% risk of failure)
Press: ? - help, Q - select action, (/) - cycle Shift-Dir - straight line, f/p - Grinder
Aim: Grinder (heavily wounded, 81% to hit)
The blast of sand hits Grinder!
Grinder is almost dead.
Grinder gestures at you.
You suddenly lose the ability to move!
Grinder blinks!
Grinder grins, showing sharp teeth.
Grinder hits you.
You die...
Grinder says, "Now the real fun starts!"
Fedhas appreciates your contribution to the ecosystem.

......".................
#.......##...........#
#......#............#
.............#.##...#
..>....#..#..#...#..###
#...#..#......#.....
#.........#........#
##..5#....##.....[...
#...@#...............
.....................##.
.)..................#...
.....#..............#...
.#...##....##.....#.....
#.. #.#.##########..##
### ##### ###.###
#.....# ##...#.


You could see Grinder.

Vanquished Creatures
  3 gnolls (D:3)
  3 adders
  A worm (D:2)
  3 bats
  9 endoplasms
  2 giant cockroaches (D:3)
  A hobgoblin (D:1)
  4 jackals (D:1)
  2 quokkas (D:4)
  4 ball pythons
  2 frilled lizards
  10 goblins
  8 kobolds
  6 rats
58 creatures vanquished.

Notes
Turn   | Place    | Note
-------+----------+-------------------------------------------
     0 | D:1      | horus123 the Deep Elf Earth Elementalist began the quest
                  | for the Orb.
     0 | D:1      | Reached XP level 1. HP: 10/10 MP: 6/6
   252 | D:1      | Reached XP level 2. HP: 14/15 MP: 0/9
   960 | D:2      | Reached XP level 3. HP: 19/19 MP: 7/11
  1013 | D:2      | Reached skill level 5 in Spellcasting
  1205 | D:2      | Found a faded altar of an unknown god.
  1730 | D:3      | Reached XP level 4. HP: 24/24 MP: 10/13
  2364 | D:3      | Found a blossoming altar of Fedhas.
  2374 | D:3      | Became a worshipper of Fedhas Madash
  2405 | D:4      | Found Peimac's Jewellery Emporium.
  2410 | D:4      | Reached skill level 5 in Earth Magic
  2489 | D:4      | Found a broken altar of Ashenzari.
  2503 | D:4      | Found a sacrificial altar of Ru.
  2503 | D:4      | Found a burning altar of Makhleb.
  2504 | D:4      | Found an ornate altar of the Wu Jian Council.
  2504 | D:4      | Found a bloodstained altar of Trog.
  2505 | D:4      | Found an opulent altar of Gozag.
  2563 | D:4      | Noticed Grinder
  2568 | D:4      | Paralysed by Grinder for 3 turns
  2574 | D:4      | Paralysed by Grinder for 4 turns
  2575 | D:4      | Slain by Grinder

Illustrated notes

Levels and vault maps discovered:
D:1:      psy_arrival_basics, layout_basic
D:2:      layout_rooms, shapermc_ecumenical_altar_hornbeckon
D:3:      layout_loops_ring, lemuel_coloured_pillars_altar
D:4:      layout_cave_pools, grunt_temple_overflow_open, serial_shops, shop,
          hangedman_minor_gate_pass, uniq_grinder

Skill      XL: |  1  2  3  4 |
---------------+-------------+-----
Spellcasting   | 4 5 |  5.0
Earth Magic    | 4 5 |  5.0
Dodging        | |  2.4
Stealth        | |  2.4
Transmutations | |  1.1

Action                     |  1- 3 |  4- 6 || total
---------------------------+-------+-------++-------
   Cast: Sandblast         |    50 |    34 ||    84
    Use: Potion            |     1 |       ||     1
 Armour: Robe              |    17 |     8 ||    25
  Dodge: Dodged            |    18 |     3 ||    21

Table legend: (Time is in decaauts)
 A = Elapsed time spent in this place.
 B = Non-inter-level travel time spent in this place.
 C = Inter-level travel time spent in this place.
 D = Time resting spent in this place.
 E = Time spent auto-exploring this place.
 F = Levels seen in this place.
 G = Mean time per level.
                   A        B        C        D        E       F      G
               +--------+--------+--------+--------+--------+-----+--------+
         Total |   2618 |   2531 |     87 |    134 |   2019 |   4 |  654.5 |
       Dungeon |   2618 |   2531 |     87 |    134 |   2019 |   4 |  654.5 |
               +--------+--------+--------+--------+--------+-----+--------+

Top non-repeatable levels by time:
     D:3: 1063 daAuts
     D:1: 848 daAuts
     D:2: 531 daAuts
     D:4: 175 daAuts
